 Dungeon Crawl Stone Soup version 0.31-a0-917-ga885b83477 (webtiles) character file.

Game seed: 17967732966455143890

246526 Morbidden the Eclecticist (level 19, -12/98 HPs)
             Began as a Vine Stalker Conjurer on Oct 16, 2023.
             Was the Champion of Cheibriados.
             Mangled by a +0 heavy scimitar (13 damage)
             ... on level 2 of the Elven Halls on Oct 17, 2023.
             The game lasted 01:04:40 (36075 turns).

Morbidden the Eclecticist (Vine Stalker Conjurer)  Turns: 36075, Time: 01:04:40

Health: -12/98     AC: 17    Str: 37    XL:     19   Next: 51%
Magic:  0/39       EV: 23    Int: 45    God:    Cheibriados [******]
Gold:   5119       SH:  0    Dex: 28    Spells: 32/48 levels left

rFire   . . .        a - +11 Screaming Sword {sonic wave}
rCold   + + .        C - +0 kite shield {reflect}
rNeg    . . .        U - +6 chain mail of Terror {*Corrode rPois rC+ Str+5}
rPois   +            H - +1 hat {SInv}
rElec   .            y - +0 cloak
rCorr   +            R - +0 pair of gloves
SInv    +            (no boots)
Will    ++...        L - amulet of magic regeneration Stlth
                     h - +5 ring of evasion
HPRegen 1.16/turn    m - ring "Noq Quar" {rC+ rCorr Str+5 Int+6}
MPRegen 0.66/turn

%: corrode self (3%), reflection, guardian spirit
@: confused, ambrosia-drunk, corroded, very slow
A: fangs 3, regeneration 1, magic shield, antimagic bite, no potion heal 2
}: 2/15 runes: decaying, gossamer
a: Renounce Religion, Bend Time, Temporal Distortion, Slouch, Step From Time


You were on level 2 of the Elven Halls.
You worshipped Cheibriados.
Cheibriados was exalted by your worship.
You visited 7 branches of the dungeon, and saw 33 of its levels.
You also visited: Ice Cave.

You collected 6451 gold pieces.
You spent 1332 gold pieces at shops.

Inventory:

Hand Weapons
 a - the +11 Screaming Sword (weapon) {sonic wave}
   (You acquired it on level 4 of the Dungeon)
 b - the +9 demon blade of the Singing Queen {flame, Str+5 Int+3 Dex-2}
   (You acquired it on level 1 of the Spider Nest)

   Str+5:     It affects your strength (+5).
   Int+3:     It affects your intelligence (+3).
   Dex-2:     It affects your dexterity (-2).
Missiles
 M - 3 throwing nets
 T - 4 curare-tipped darts
Armour
 y - a +0 cloak (worn)
 C - a +0 kite shield of reflection (worn)
 E - the +2 hat of Bursted Freedom {Harm Drain rF+++ rCorr}
   (You acquired it on level 1 of the Spider Nest)

   rF+++:     It renders you almost immune to fire.
   rCorr:     It protects you from acid and corrosion.
   Drain:     It drains your maximum health when unequipped.
   Harm:      It increases damage dealt and taken.
 H - a +1 hat of see invisible (worn)
 R - a +0 pair of gloves (worn)
 U - the +6 chain mail of Terror (worn) {*Corrode rPois rC+ Str+5}
   (You found it on level 2 of the Lair of Beasts)

   Str+5:     It affects your strength (+5).
   rC+:       It protects you from cold.
   rPois:     It protects you from poison *Corrode: It may corrode you when you
   take damage.
 V - a +2 helmet of intelligence
Jewellery
 h - a +5 ring of evasion (left hand)
 m - the ring "Noq Quar" (right hand) {rC+ rCorr Str+5 Int+6}
   (You found it on level 2 of the Dungeon)

   [ring of intelligence]

   Str+5:     It affects your strength (+5).
   Int+6:     It affects your intelligence (+6).
   rC+:       It protects you from cold.
   rCorr:     It protects you from acid and corrosion.
 K - an amulet of reflection
 L - an amulet of magic regeneration (around neck)
 S - a ring of fire
Wands
 g - a wand of flame (45) (quivered)
 k - a wand of paralysis (12)
 z - a wand of polymorph (12)
 P - a wand of iceblast (21)
 Y - a wand of acid (14)
 Z - a wand of mindburst (7)
Scrolls
 c - 10 scrolls of teleportation
 d - 14 scrolls of identify
 e - 4 scrolls of revelation
 i - 7 scrolls of poison
 j - 3 scrolls of fog
 l - 6 scrolls of enchant armour
 p - 2 scrolls of vulnerability {unknown}
 r - 4 scrolls of amnesia {unknown}
 v - 3 scrolls of brand weapon {unknown}
 w - 3 scrolls of enchant weapon
 A - a scroll of summoning
 D - 2 scrolls of fear
 I - 3 scrolls of blinking
 J - 5 scrolls of immolation
 X - a scroll of noise {unknown}
Potions
 f - 14 potions of curing
 n - 9 potions of heal wounds {unknown}
 o - 7 potions of attraction
 q - 4 potions of magic
 s - 4 potions of mutation
 t - 6 potions of ambrosia
 u - 5 potions of might {unknown}
 x - 6 potions of enlightenment
 B - 5 potions of lignification
 G - 4 potions of resistance {unknown}
 N - a potion of brilliance {unknown}
 O - 4 potions of invisibility
 Q - a potion of berserk rage {unknown}
 W - 3 potions of cancellation {unknown}
Miscellaneous
 F - a lightning rod (2/4)


   Skills:
 * Level 10.3 Fighting
 + Level 0.3(8.9) Short Blades
 * Level 13.8 Long Blades
 + Level 0.4 Throwing
 * Level 10.0 Armour
 * Level 9.3 Dodging
 + Level 5.0 Stealth
 * Level 7.7 Shields
 * Level 15.1 Spellcasting
 * Level 13.1 Conjurations
 * Level 11.0 Translocations
 * Level 9.4 Air Magic
 * Level 3.6 Invocations
 + Level 1.0 Evocations


You had 32 spell levels left.
You knew the following spells:

 Your Spells              Type           Power      Damage    Failure   Level
a - Airstrike             Air            43%        2d(7-23)  1%          4
b - Searing Ray           Conj           100%       2d8       1%          2
c - Magic Dart            Conj           100%       1d8       0%          1
x - Arcjolt               Conj/Air       47%        1d57      1%          5
z - Iskenderun's Mystic   Conj/Tloc      97%        2d19      1%          4

Your spell library contained the following spells:

 Spells                   Type           Power      Damage    Failure   Level
 Kiss of Death            Conj/Necr      100%       2d13      1%          1
 Shock                    Conj/Air       100%       1d9       1%          1
 Dazzling Flash           Conj/Hex       100%       N/A       1%          3
 Hailstorm                Conj/Ice       76%        3d16      1%          3
 Mephitic Cloud           Conj/Pois/Air  80%        N/A       1%          3
 Swiftness                Air            87%        N/A       1%          3
 Fulminant Prism          Conj/Hex       38%        3d17      1%          4
 Vhi's Electric Charge    Tloc/Air       100%       N/A       1%          4
 Freeze                   Ice            100%       1d10      3%          1
 Slow                     Hex            100%       N/A       3%          1
 Call Imp                 Summ           68%        N/A       4%          2
 Sublimation of Blood     Necr           34%        N/A       4%          2
 Wereblood                Tmut           34%        N/A       4%          2
 Confusing Touch          Hex            34%        N/A       9%          3
 Frozen Ramparts          Ice            68%        1d11      9%          3
 Ozocubu's Armour         Ice            34%        N/A       9%          3
 Sigil of Binding         Hex            34%        N/A       9%          3
 Vampiric Draining        Necr           34%        2d8       9%          3
 Summon Forest            Summ/Tloc      35%        N/A       9%          5
 Dispel Undead            Necr           34%        3d15      30%         4
 Alistair's Intoxication  Tmut/Pois      22%        N/A       63%         5
 Borgnjor's Vile Clutch   Necr/Erth      17%        N/A       63%         5
 Metabolic Englaciation   Hex/Ice        17%        N/A       63%         5
 Eringya's Noxious Bog    Tmut/Pois      17%        4d6       99%         6
 Simulacrum               Ice/Necr       17%        N/A       99%         6
 Maxwell's Capacitive Co  Air            43%        ∞         99%         8
 Summon Hydra             Summ           17%        N/A       100%        7


Dungeon Overview and Level Annotations

Branches:
Dungeon (15/15)            Temple (1/1) D:5            Lair (5/5) D:8
  Swamp (4/4) Lair:2       Spider (4/4) Lair:2        Slime (0/5) Lair:4
    Orc (2/2) D:11            Elf (2/3) Orc:2        Vaults (0/5) D:13
 Depths (0/4) D:15          IceCv (visited)

Altars:
Ashenzari
Cheibriados
Dithmenos
Elyvilon
Fedhas
Gozag
Hepliaklqana
Kikubaaqudgha
Makhleb
Nemelex Xobeh
Okawaru
Qazlal
Ru
Sif Muna
Trog
Uskayaw
Vehumet
Wu Jian
Xom
Yredelemnul
Zin
The Shining One
Jiyva

Shops:
D:6 ?   D:9 ?   Orc:2 =([[   Elf:1 *

Annotations:
Lair:5 3 runed translucent doors, exclusion: oklob plant, Talonman3's ghost, journeyman DsNe; kal9871's ghost, journeyman SpGl


Innate Abilities, Weirdness & Mutations

You have razor-sharp teeth.
Your natural rate of healing is unusually fast.
When hurt, damage is shared between your health and your magic reserves.
Your bite disrupts and absorbs the magic of your enemies.
Potions cannot restore your health.


Message History

Unknown command.
Unknown command.
Unknown command.
Unknown command.
Unknown command.
The deep elf knight seems to regain its courage.
The deep elf pyromancer points at you and mumbles some strange words.
The bolt of fire misses you.
The deep elf knight casts a spell at you.
The shard of ice misses you.
Unknown command.
Unknown command.
Unknown command.
Unknown command.
Unknown command.
You bump into the metal wall.
The +0 heavy scimitar completely misses you.
Unknown command.
Unknown command.
Unknown command.
The deep elf pyromancer closely misses you.
The +0 heavy scimitar hits you!!
* * * LOW HITPOINT WARNING * * *
Your corrosive artefact corrodes you!
The +0 heavy scimitar hits you but does no damage.
Unknown command.
Unknown command.
Unknown command.
Unknown command.
Unknown command.
The deep elf knight hits you with a +0 scimitar!
* * * LOW HITPOINT WARNING * * *
The +0 heavy scimitar closely misses you.
The deep elf knight misses you.
The deep elf pyromancer gestures wildly while chanting.
The deep elf pyromancer blinks!
The deep elf knight hits you with a +0 scimitar!!
* * * LOW HITPOINT WARNING * * *
The +0 heavy scimitar hits you!
You die...

#.....)...e(..##.....
#.#...........#..#)...
#..#....).)..#....#...
#...#.....))#......#..
#....#.....#.......e#.
#.....#...#))...e....#
#......###............
.... #§()..^......
#@e..........
#...#..........#
#....)#........#.
#.......#......#..
#.........#....#...
...........#..#....
....^...... ##.....
........ ..


You could see a deep elf knight (fast, invisible), a deep elf pyromancer and a
+0 heavy scimitar.

Vanquished Creatures
  Norris (Elf:1)
  Arachne (Spider:3)
  Mlioglotl (Spider:3)
  A deep elf blademaster (Elf:2)
  Gastronok (Lair:2)
  3 thorn hunters (Swamp:2)
  Donald (Spider:4)
  Agnes (Elf:1)
  Aizul (Swamp:4)
  Kirke (Lair:5)
  An azure jelly (Swamp:4)
  3 fenstrider witches
  3 emperor scorpions
  5 ghost moths
  A deep elf sorcerer (Elf:1)
  Louise (Swamp:3)
  3 ghouls (Swamp:4)
  An orc warlord (Orc:2)
  Nessos (D:14)
  A stone giant (D:15)
  A deep elf demonologist (Elf:1)
  4 eleionomae
  8 spark wasps
  2 dire elephants (Spider:2)
  4 bunyips
  Snorg (Lair:5)
  4 entropy weavers
  4 vault guards (D:13)
  2 ice dragons (Swamp:4)
  22 hydras
  2 ghost crabs (Swamp:3)
  A spriggan air mage (Swamp:1)
  4 alligators
  3 catoblepae (Lair:5)
  4 radroaches
  Erica (D:8)
  3 centaur warriors
  6 death yaks
  5 boulder beetles
  12 dancing weapons
  5 two-headed ogres
  9 demonic crawlers
  An orc high priest (Orc:2)
  2 spriggan berserkers (Swamp:1)
  Sonja (D:11)
  8 deep elf knights
  Amaemon (Lair:2)
  5 sun moths
  4 goliath frogs
  A pharaoh ant (Spider:2)
  A skeletal warrior (D:13)
  4 skysharks
  A deep troll (shapeshifter) (D:15)
  5 bog bodies (Swamp:2)
  8 orb spiders
  6 deep elf archers
  5 steelbarb worms
  7 swamp dragons
  6 spriggan druids
  2 orc knights
  13 deep elf pyromancers
  10 deep elf zephyrmancers
  6 ugly things
  22 wolf spiders
  3 cyclopes
  2 oklob plants (Swamp:2)
  10 will-o-the-wisps
  3 manticores
  2 orc sorcerers
  5 black mambas
  A guardian serpent (D:13)
  8 centaur zombies (D:11)
  6 moths of wrath
  Joseph (Lair:1)
  5 elephants (Lair:2)
  2 torpor snails
  An orange demon (Lair:2)
  15 cane toads
  Maggie (D:8)
  4 gargoyles
  3 rime drakes
  9 komodo dragons
  6 freezing wraiths
  A komodo dragon (shapeshifter) (D:15)
  An efreet (D:15)
  A tengu conjurer (D:13)
  7 trolls
  2 polar bears (Lair:5)
  7 tyrant leeches
  7 meliai
  27 tarantellas
  A bloated husk (Swamp:3)
  21 hornets
  A raiju (Spider:2)
  16 blink frogs
  2 meliai zombies (D:11)
  9 dream sheep
  11 slime creatures
  2 air elementals (Elf:1)
  22 culicivoras
  27 jumping spiders
  7 vampires
  27 spriggans
  5 shadows
  5 wyverns
  5 wraiths
  A yak (shapeshifter) (D:14)
  44 yaks
  3 basilisks
  A fire elemental (Elf:1)
  5 hogs (Lair:5)
  62 redbacks
  2 steam dragons
  2 vampire mosquitoes (D:13)
  4 swamp worm simulacra (Swamp:4)
  Menkaure (D:5)
  A death yak simulacrum (IceCv)
  16 swamp worms
  2 acid dragons
  17 water moccasins
  6 swamp drakes
  15 hydra simulacra (Swamp:4)
  2 ice beasts (D:7)
  26 orc warriors
  A sky beast (D:7)
  6 black bears
  8 ogres
  4 boggarts (Lair:5)
  28 wolves
  10 centaurs
  11 bullfrogs
  A kobold brigand (D:9)
  A gnoll sergeant (D:8)
  4 scorpions
  An elephant simulacrum (IceCv)
  7 wights
  25 killer bees
  7 electric eels
  A vampire bat (D:3)
  A crimson imp (D:4)
  5 howler monkeys
  4 hounds
  21 orc priests
  2 gnoll boudas (D:5)
  5 iguanas
  24 orc wizards
  A polar bear simulacrum (IceCv)
  11 gnolls
  19 adders
  A white imp (D:6)
  4 swamp drake simulacra (Swamp:4)
  3 worms
  2 dart slugs
  63 orcs
  3 ball pythons
  8 bats
  3 bat skeletons (D:3)
  3 bat zombies (D:3)
  4 endoplasms
  4 giant cockroaches
  5 goblins
  2 hobgoblins
  2 jackals (D:2)
  2 quokkas
  2 frilled lizards (D:1)
  9 kobolds
  4 rats
  A spectral orc (D:5)
1102 creatures vanquished.

Vanquished Creatures (collateral kills)
  A black mamba (Lair:2)
  An elephant (D:8)
  A komodo dragon (Lair:3)
  A killer bee (D:10)
4 creatures vanquished.

Vanquished Creatures (others)
  14 foxfires
14 creatures vanquished.

Grand Total: 1120 creatures vanquished

Notes
Turn   | Place    | Note
-------+----------+-------------------------------------------
     0 | D:1      | Morbidden the Vine Stalker Conjurer began the quest for the
                  | Orb.
     0 | D:1      | Reached XP level 1. HP: 9/9 MP: 4/4
   224 | D:1      | Reached XP level 2. HP: 13/13 MP: 1/6
  1067 | D:2      | Reached XP level 3. HP: 17/17 MP: 1/7
  1259 | D:2      | Learned a level 2 spell: Searing Ray
  1877 | D:2      | Identified the ring "Noq Quar" {rC+ rCorr Str+5 Int+6}
  2606 | D:3      | Reached XP level 4. HP: 21/21 MP: 0/8
  2685 | D:3      | Found an ancient bone altar of Kikubaaqudgha.
  2691 | D:3      | Reached skill level 1 in Fighting
  2691 | D:3      | Reached skill level 1 in Armour
  2691 | D:3      | Reached skill level 5 in Conjurations
  2919 | D:3      | Reached XP level 5. HP: 25/25 MP: 1/10
  3610 | D:3      | Reached skill level 3 in Spellcasting
  3903 | D:4      | Identified the +2 chain mail of the Hippo {-Cast Regen+
                  | rCorr}
  3904 | D:4      | Noticed an ogre
  3946 | D:4      | Killed an ogre
  3947 | D:4      | Reached XP level 6. HP: 30/30 MP: 1/12
  4037 | D:4      | Found Sufeipn's Magic Scroll Shoppe.
  4123 | D:4      | Bought a scroll of revelation for 75 gold pieces
  4123 | D:4      | Bought a scroll of teleportation for 30 gold pieces
  4317 | D:4      | Found a sacrificial altar of Ru.
  4318 | D:4      | Found a stormy altar of Qazlal.
  4640 | D:4      | Learned a level 4 spell: Iskenderun's Mystic Blast
  4722 | D:4      | Found a radiant altar of Vehumet.
  4722 | D:4      | Found a burning altar of Makhleb.
  4947 | D:5      | Entered Level 5 of the Dungeon
  5036 | D:5      | Noticed a water moccasin
  5040 | D:5      | Killed a water moccasin
  5041 | D:5      | Reached skill level 4 in Spellcasting
  5041 | D:5      | Reached XP level 7. HP: 33/34 MP: 6/14
  5342 | D:5      | Found a staircase to the Ecumenical Temple.
  5499 | D:5      | Reached skill level 1 in Translocations
  5784 | Temple   | Entered the Ecumenical Temple
  5887 | D:5      | Noticed Menkaure
  5893 | D:5      | Killed Menkaure
  5894 | D:5      | Gained mutation: You have razor-sharp teeth. [Vine Stalker
                  | growth]
  5894 | D:5      | Reached XP level 8. HP: 25/39 MP: 5/16
  5990 | D:5      | Reached skill level 5 in Spellcasting
  6200 | D:5      | Found the +2 ratskin cloak {*Rats rPois rN+ Str-1 Int-1
                  | Dex+1}
  6381 | D:5      | Found a shimmering altar of Xom.
  6461 | D:5      | Found a hide-covered altar of Uskayaw.
  6578 | D:5      | Found a basalt altar of Yredelemnul.
  6956 | D:6      | Found a shimmering blue altar of Sif Muna.
  7366 | D:6      | Found an opulent altar of Gozag.
  7581 | D:6      | Found Wamasch Orie's Magic Scroll Boutique.
  8415 | D:7      | Found a broken altar of Ashenzari.
  8434 | D:7      | Reached XP level 9. HP: 41/44 MP: 9/18
  8443 | D:7      | Reached skill level 1 in Long Blades
  8541 | D:7      | Reached skill level 6 in Spellcasting
  9873 | D:8      | Noticed a two-headed ogre
  9880 | D:8      | Killed a two-headed ogre
  9881 | D:8      | Reached skill level 7 in Spellcasting
  9881 | D:8      | Reached XP level 10. HP: 49/49 MP: 4/22
 10040 | D:8      | Found a snail-covered altar of Cheibriados.
 10048 | D:8      | Became a worshipper of Cheibriados the Contemplative
 10082 | D:8      | Identified the +4 whip of the Lamprey {heavy, Int+4}
 10275 | D:8      | Noticed Erica
 10282 | D:8      | Noticed Maggie
 10286 | D:8      | Killed Erica
 10295 | D:8      | Killed Maggie
 10516 | D:8      | Found a staircase to the Lair.
 10519 | D:8      | Noticed an elephant
 10534 | D:8      | Killed an elephant
 10535 | D:8      | Reached skill level 8 in Spellcasting
 10622 | D:8      | Noticed a death yak
 10662 | D:8      | Killed a death yak
 11069 | D:4      | Bought a scroll of acquirement for 520 gold pieces
 11069 | D:4      | Acquired the +11 Singing Sword {sonic wave}
 11069 | D:4      | Found the +11 Singing Sword {sonic wave}
 11076 | D:4      | Acquired 1024 gold pieces
 11081 | D:4      | Bought a scroll of blinking for 75 gold pieces
 11081 | D:4      | Bought a scroll of teleportation for 30 gold pieces
 11081 | D:4      | Bought a scroll of immolation for 40 gold pieces
 11081 | D:4      | Bought a scroll of immolation for 40 gold pieces
 11425 | D:8      | Found an iron altar of Okawaru.
 11546 | D:9      | Identified the +5 bardiche of Hubris {spect, rF+ rC+ Will+
                  | Dex-2}
 11595 | D:9      | Noticed a two-headed ogre
 11600 | D:9      | Reached XP level 11. HP: 44/54 MP: 15/24
 11603 | D:9      | Reached * piety under Cheibriados
 11607 | D:9      | Killed a two-headed ogre
 11608 | D:9      | Reached skill level 9 in Spellcasting
 11992 | D:9      | Found Carufoarch's Magic Scroll Shop.
 12000 | D:9      | Bought a scroll of poison for 44 gold pieces
 12000 | D:9      | Bought a scroll of poison for 44 gold pieces
 12000 | D:9      | Bought a scroll of revelation for 82 gold pieces
 12000 | D:9      | Bought a scroll of revelation for 82 gold pieces
 12115 | D:9      | Reached skill level 5 in Translocations
 12159 | D:10     | Entered Level 10 of the Dungeon
 12175 | D:10     | Reached skill level 5 in Fighting
 12495 | D:10     | Reached ** piety under Cheibriados
 12496 | D:10     | Reached skill level 5 in Long Blades
 12598 | D:10     | Found a shadowy altar of Dithmenos.
 12651 | D:10     | Reached skill level 5 in Armour
 12913 | Lair:1   | Entered Level 1 of the Lair of Beasts
 13048 | Lair:1   | Noticed a five-headed hydra
 13057 | Lair:1   | Killed a four-headed hydra
 13058 | Lair:1   | Reached *** piety under Cheibriados
 13103 | Lair:1   | Noticed Joseph
 13193 | Lair:1   | Killed Joseph
 13194 | Lair:1   | Reached XP level 12. HP: 57/60 MP: 26/26
 13888 | Lair:2   | Noticed Gastronok
 13894 | Lair:2   | Noticed Amaemon
 13905 | Lair:2   | Killed Amaemon
 13906 | Lair:2   | Reached skill level 5 in Dodging
 13908 | Lair:2   | Killed Gastronok
 13957 | Lair:2   | Reached skill level 10 in Spellcasting
 14029 | Lair:2   | Found a hole to the Spider Nest.
 14038 | Lair:2   | Reached **** piety under Cheibriados
 14094 | Lair:2   | Reached skill level 10 in Conjurations
 14383 | Lair:2   | Found a staircase to the Swamp.
 14384 | Lair:2   | Identified the +6 chain mail of Terror {*Corrode rPois rC+
                  | Str+5}
 14421 | Lair:2   | Reached skill level 5 in Stealth
 14907 | Lair:3   | Reached XP level 13. HP: 48/65 MP: 25/28
 14954 | Lair:3   | Reached skill level 1 in Shields
 15135 | Lair:3   | Reached ***** piety under Cheibriados
 16244 | Lair:4   | Found a viscous altar of Jiyva.
 16244 | Lair:4   | Found a staircase to the Slime Pits.
 16397 | Lair:5   | Entered Level 5 of the Lair of Beasts
 16397 | Lair:5   | Noticed Kirke
 16403 | Lair:5   | Reached ****** piety under Cheibriados
 16407 | Lair:5   | Killed Kirke
 16417 | Lair:5   | Reached XP level 14. HP: 63/72 MP: 12/29
 16525 | Lair:5   | Noticed Snorg
 16534 | Lair:5   | Killed Snorg
 16759 | Lair:5   | Reached skill level 10 in Long Blades
 17103 | Lair:5   | Found a runed translucent gate.
 17104 | Lair:5   | Found a runed translucent gate.
 17104 | Lair:5   | Found a runed translucent gate.
 17120 | Lair:5   | Noticed kal9871's ghost (journeyman SpGl)
 17120 | Lair:5   | Noticed Talonman3's ghost (journeyman DsNe)
 17275 | Lair:5   | Identified the +1 robe of True Grit {Str+9 Int-2 Dex-4}
 17317 | Lair:5   | Reached skill level 11 in Spellcasting
 18123 | Lair:2   | Learned a level 5 spell: Arcjolt
 18272 | D:11     | Noticed Sonja
 18389 | D:11     | Killed Sonja
 18673 | D:11     | Reached XP level 15. HP: 64/77 MP: 31/31
 18716 | D:11     | Found a staircase to the Orcish Mines.
 18783 | D:11     | Learned a level 4 spell: Airstrike
 18922 | D:11     | Found a radiant altar of Vehumet.
 19278 | D:11     | Reached skill level 1 in Air Magic
 19588 | D:12     | Identified the +6 whip "Gram" {heavy, Int+2 Dex+4}
 20401 | D:13     | Found a gate to the Vaults.
 21543 | D:14     | Noticed Nessos
 21779 | D:14     | Killed Nessos
 22084 | D:14     | Found a glowing silver altar of Zin.
 22308 | D:15     | Entered Level 15 of the Dungeon
 22513 | D:15     | Found a staircase to the Depths.
 22960 | D:15     | Reached skill level 5 in Shields
 23481 | Orc:1    | Entered Level 1 of the Orcish Mines
 23481 | Orc:1    | Found a radiant altar of Vehumet.
 23592 | Orc:2    | Entered Level 2 of the Orcish Mines
 23592 | Orc:2    | Found a staircase to the Elven Halls.
 23625 | Orc:2    | Found Seherph's Jewellery Boutique.
 23658 | Orc:2    | Found a frozen archway.
 23665 | Orc:2    | Reached XP level 16. HP: 75/82 MP: 32/32
 23674 | IceCv    | Entered an ice cave
 23684 | IceCv    | Found a transporter.
 23706 | IceCv    | Found a transporter.
 24636 | Orc:2    | Found Sauricerch's Antique Armour Emporium.
 25050 | Orc:2    | Found Giupn's Antique Weapon Shop.
 25052 | Orc:2    | Found Exypt's Antique Armour Boutique.
 25077 | Orc:2    | Bought a runed helmet for 270 gold pieces
 25305 | Swamp:1  | Entered Level 1 of the Swamp
 25953 | Swamp:1  | Reached skill level 12 in Spellcasting
 26377 | Swamp:2  | Noticed a fenstrider witch
 26382 | Swamp:2  | Killed a fenstrider witch
 26895 | Swamp:2  | Reached skill level 5 in Air Magic
 26976 | Swamp:2  | Noticed a thorn hunter
 26984 | Swamp:2  | Killed a thorn hunter
 27039 | Swamp:2  | Noticed a thorn hunter
 27049 | Swamp:2  | Killed a thorn hunter
 27100 | Swamp:2  | Noticed a thorn hunter
 27106 | Swamp:2  | Killed a thorn hunter
 27404 | Swamp:2  | Upgraded the game from 0.31-a0-885-gbe960a18b5 to
                  | 0.31-a0-917-ga885b83477
 27595 | Swamp:3  | Reached XP level 17. HP: 79/87 MP: 4/34
 28088 | Swamp:3  | Noticed Louise
 28101 | Swamp:3  | Killed Louise
 28237 | Swamp:4  | Entered Level 4 of the Swamp
 28237 | Swamp:4  | Noticed Aizul
 28249 | Swamp:4  | Killed Aizul
 28414 | Swamp:4  | Reached skill level 13 in Spellcasting
 28457 | Swamp:4  | Paralysed by a fenstrider witch for 4 turns
 28652 | Swamp:4  | Paralysed by a fenstrider witch for 5 turns
 29263 | Swamp:4  | Got a decaying rune of Zot
 30235 | Spider:1 | Entered Level 1 of the Spider Nest
 30317 | Spider:1 | Reached skill level 10 in Translocations
 31421 | Spider:1 | Acquired 1105 gold pieces
 31423 | Spider:1 | Acquired the +9 demon blade of the Singing Queen {flame,
                  | Str+5 Int+3 Dex-2}
 31426 | Spider:1 | Acquired the +2 hat of Bursted Freedom {Harm Drain rF+++
                  | rCorr}
 31584 | Spider:2 | Reached XP level 18. HP: 71/93 MP: 16/36
 31623 | Spider:2 | Reached skill level 1 in Invocations
 31996 | Spider:2 | Reached skill level 14 in Spellcasting
 32490 | Spider:3 | Reached skill level 1 in Evocations
 32828 | Spider:3 | Noticed Mlioglotl
 32841 | Spider:3 | Killed Mlioglotl
 32947 | Spider:3 | Noticed Arachne
 32960 | Spider:3 | Killed Arachne
 33203 | Spider:3 | Reached skill level 10 in Fighting
 33277 | Spider:3 | Identified the +0 plate armour of Irksome the Good {rC++
                  | rN+}
 33697 | Spider:4 | Entered Level 4 of the Spider Nest
 33878 | Spider:4 | Noticed Donald
 33886 | Spider:4 | Killed Donald
 34407 | Spider:4 | Reached XP level 19. HP: 67/98 MP: 1/38
 34446 | Spider:4 | Got a gossamer rune of Zot
 34995 | Desolati | Identified the "Emoiqiw"
 34995 | Desolati | Identified the of Kedaihif
 34995 | Desolati | Identified the of Eqou
 34995 | Desolati | Identified the of Vukutocw
 34995 | Desolati | Identified the "Guoxiy"
 34995 | WizLab   | Identified the of Wackeca
 34995 | Vaults:5 | Identified the of Ylasenu
 34995 | Crypt:3  | Identified the "Oduire"
 34995 | Depths:1 | Identified the "Zamaag"
 34995 | Depths:2 | Identified the of Gahyp
 34995 | Depths:3 | Identified the of Fotrap
 34995 | Elf:1    | Entered Level 1 of the Elven Halls
 34995 | Elf:1    | Found Cahiot's General Store.
 35075 | Elf:1    | Paralysed by an air elemental for 1 turns
 35094 | Elf:1    | Noticed Agnes
 35103 | Elf:1    | Killed Agnes
 35349 | Elf:1    | Paralysed by an air elemental for 1 turns
 35657 | Elf:1    | Noticed Norris
 35675 | Elf:1    | Killed Norris
 35685 | Elf:1    | Reached skill level 15 in Spellcasting
 35898 | Elf:1    | Acquired 801 gold pieces
 36054 | Elf:2    | Reached skill level 10 in Armour
 36075 | Elf:2    | HP: 1/98 [deep elf knight/+0 scimitar (5)]
 36075 | Elf:2    | Mangled by a +0 heavy scimitar

Illustrated notes

Levels and vault maps discovered:
D:1:      evilmike_arrival_plus, layout_basic, minivault_4
D:2:      layout_loops_corners, kennysheep_another_room,
          kennysheep_generic_room_3
D:3:      layout_basic, kennysheep_vampire_church
D:4:      layout_basic, grunt_temple_overflow_lords_of_destruction,
          mainiacjoe_overflow_divided_tiny, serial_shops,
          nicolae_shop_gibbet_a_chance
D:5:      layout_basic, yredelemnul_forgotten_temple_becter,
          kennysheep_mini_moat, brannock_xom_greatest_gift,
          minmay_temple_entry_enclosed_plants, amethyst_killhole, st_stairs_2,
          uniq_menkaure
D:6:      layout_gridville, mainiacjoe_overflow_24_doors,
          nicolae_gozag_cash_rules_everything_around_me, serial_rivers,
          chequers_serial_rivers_large_a, chequers_serial_rivers_small_b,
          chequers_serial_rivers_small_3, chequers_serial_rivers_small_b,
          serial_shops, shop, dreamdust_princess_corridor, nicolae_half_adder
D:7:      layout_loops_cross, amcnicky_altar_gilded
D:8:      layout_loops_ring, mainiacjoe_overflow_alcove_2,
          kennysheep_slug_shrine, david_lair_generic, nrook_campfire,
          ebering_dispersal_statue_hall, nicolae_twisty_statue_hallways,
          uniq_maggie, uniq_erica
D:9:      layout_roguey, serial_shops, shop_fountains
D:10:     layout_roguey, nicolae_dithmenos_the_darkroom
D:11:     layout_basic, serial_undead, serial_undead_c, serial_undead_b,
          serial_undead_d, serial_undead_c, serial_undead_e, serial_undead_d,
          vehumet_altar_wand_db, uniq_sonja
D:12:     layout_irregular_city
D:13:     layout_layer_cave, lightli_vaults_fourway_checkpoint,
          nrook_guardian_serpent_double
D:14:     layout_roguey, lemuel_doored_altar, uniq_nessos
D:15:     grunt_enter_depths_giant_problem, layout_stronghold,
          grunt_decor_fettered, minmay_misc_feat_five
Temple:   nicolae_temple_colour_theory
Lair:1:   layout_small_grid, uniq_joseph
Lair:2:   layout_regular_city, minmay_swamp_entry_reptiles,
          hellmonk_spider_entry_not_the_bees, uniq_gastronok, uniq_amaemon
Lair:3:   layout_regular_city, grunt_megastairs_1, serial_bayou_shore_a,
          infiniplex_staircase_pool_2
Lair:4:   layout_hall_layers, dpeg_slime_entry_enclosed, grunt_megastairs_2,
          serial_bayou_shore_b, serial_bayou_shore_b
Lair:5:   minmay_lair_end_enchanted_forest, layout_loops_ring,
          gammafunk_ghost_cemetery, uniq_kirke, uniq_snorg
Swamp:1:  nicolae_swamp_secret_spriggan_hideout, layout_basic_swamp,
          serial_swamp_ruin, evilmike_swamp_ruin_house_2,
          evilmike_swamp_ruin_house_3
Swamp:2:  dpeg_oklob_gauntlet, layout_basic_swamp, evilmike_swamp_ruin_rubble_1,
          swamp_pool5, nicolae_swamp_spooky_pond
Swamp:3:  layout_falls_marsh, evilmike_swamp_ruin_house_4, uniq_louise
Swamp:4:  swamp_icy, layout_basic_swamp, swamp_pool4,
          nicolae_swamp_fairy_circle, uniq_aizul
Spider:1: nicolae_spider_hilbert_zone_2 [nicolae_spider_hilbert_4_sides_1_open,
          nicolae_spider_hilbert_4_sides_1_open,
          nicolae_spider_hilbert_4_sides_1_open,
          nicolae_spider_hilbert_4_sides_1_open,
          nicolae_spider_hilbert_6_sides_1_open,
          nicolae_spider_hilbert_6_sides_1_open,
          nicolae_spider_hilbert_3_sides_1_open,
          nicolae_spider_hilbert_3_sides_1_open,
          nicolae_spider_hilbert_3_sides_1_open,
          nicolae_spider_hilbert_3_sides_1_open,
          nicolae_spider_hilbert_6_sides_1_open,
          nicolae_spider_hilbert_6_sides_1_open,
          nicolae_spider_hilbert_6_sides_1_open,
          nicolae_spider_hilbert_6_sides_1_open]
Spider:2: layout_spider_delve, beargit_elvish_explorers
Spider:3: layout_spider_delve, nicolae_spider_bzzzt, uniq_arachne,
          uniq_mlioglotl
Spider:4: spider_rune_water, uniq_donald
Orc:1:    layout_diamond_mine, basic_altar
Orc:2:    grunt_orc_community_town_hall, layout_diamond_mine,
          grunt_orc_community_big_house_2, grunt_orc_community_big_house_1,
          grunt_orc_community_house_3, grunt_orc_community_house_1,
          grunt_orc_community_house_2, grunt_orc_community_house_1,
          grunt_orc_community_house_2, portal_ice_cave_entry_pillars_2
Elf:1:    layout_loops_corners, serial_shops, nicolae_shop_getting_attention,
          hangedman_elf_represent, uniq_norris, uniq_agnes
Elf:2:    nicolae_elf_blades_splatter_lattice
          [nicolae_blade_entry_floor_patterns], layout_gridlike,
          grunt_megastairs_4

Skill      XL: |  1  2  3  4  5  6  7  8  9 10 11 12 13 14 15 16 17 18 19 |
---------------+----------------------------------------------------------+-----
Fighting       | 1 2 3 4 5 6 7 8 9 10 | 10.3
Armour         | 1 2 3 4 5 6 7 8 9 10 | 10.0
Conjurations   | 5 6 7 8 9 10 11 12 13 | 13.1
Spellcasting   | 3 4 5 7 8 9 10 11 12 13 14 15 | 15.1
Dodging        | 2 3 4 5 6 7 8 9 |  9.3
Stealth        | 3 4 5 |  5.0
Translocations | 1 2 3 4 5 6 7 8 9 10 11 | 11.0
Long Blades    | 2 3 6 7 9 11 12 13 | 13.8
Shields        | 2 4 5 6 7 |  7.7
Air Magic      | 3 5 7 9 |  9.4
Invocations    | 2 3 |  3.6
Evocations     | 1 |  1.0
Short Blades   | |  0.3
Throwing       | |  0.4

Action                     |  1- 3 |  4- 6 |  7- 9 | 10-12 | 13-15 | 16-18 | 19-21 || total
---------------------------+-------+-------+-------+-------+-------+-------+-------++-------
  Melee: Unarmed           |    22 |       |       |       |       |       |       ||    22
         Bite              |     3 |     1 |    10 |    64 |   218 |   186 |    40 ||   522
         Dagger            |    11 |     6 |     2 |       |       |       |       ||    19
         Long sword        |       |       |    24 |    25 |       |       |       ||    49
         Double sword      |       |       |       |   170 |   508 |   569 |   107 ||  1354
         Scimitar          |       |       |       |    14 |    41 |     1 |       ||    56
  Throw: Dart              |       |       |       |     7 |       |     6 |       ||    13
   Cast: Magic Dart        |    76 |    61 |   131 |    35 |    42 |       |       ||   345
         Searing Ray       |     3 |    14 |    46 |    28 |    15 |     1 |       ||   107
         Iskenderun's Myst |       |       |     3 |    30 |    54 |    82 |     6 ||   175
         Airstrike         |       |       |       |       |    11 |   400 |    17 ||   428
         Arcjolt           |       |       |       |       |     3 |    75 |       ||    78
 Invoke: Slouch            |       |       |       |       |     3 |     4 |     2 ||     9
         Temporal Distorti |       |       |       |       |     1 |       |       ||     1
  Evoke: Wand              |       |       |       |     5 |     1 |    14 |     1 ||    21
         Lightning rod     |       |       |       |       |       |     4 |     4 ||     8
    Use: Scroll            |       |       |       |     2 |    13 |    11 |     8 ||    34
         Potion            |       |       |       |     1 |       |     2 |     1 ||     4
   Stab: Sleeping          |       |       |     1 |     3 |       |       |       ||     4
         Distracted        |       |       |       |       |     1 |       |       ||     1
 Armour: Robe              |    32 |     2 |       |       |       |       |       ||    34
         Leather armour    |       |     5 |    56 |    52 |       |       |       ||   113
         Steam dragon scal |       |       |       |    92 |       |       |       ||    92
         Chain mail        |       |       |       |    12 |   372 |   454 |    73 ||   911
  Dodge: Dodged            |    40 |    15 |   102 |   305 |   591 |   634 |    76 ||  1763
  Block: Buckler           |       |       |       |     3 |   271 |   311 |       ||   585
         Kite shield       |       |       |       |       |     5 |   130 |    62 ||   197
         Reflection        |       |       |       |       |     2 |     1 |    11 ||    14

Table legend: (Time is in decaauts)
 A = Elapsed time spent in this place.
 B = Non-inter-level travel time spent in this place.
 C = Inter-level travel time spent in this place.
 D = Time resting spent in this place.
 E = Time spent auto-exploring this place.
 F = Levels seen in this place.
 G = Mean time per level.
                   A        B        C        D        E       F      G
               +--------+--------+--------+--------+--------+-----+--------+
         Total |  50937 |  45853 |   5084 |   3573 |  35411 |  34 | 1498.1 |
       Dungeon |  23722 |  21008 |   2714 |   1410 |  16990 |  15 | 1581.5 |
        Temple |      1 |      1 |      0 |      0 |      0 |   1 |    1.0 |
          Lair |   9054 |   7964 |   1090 |    457 |   6170 |   5 | 1810.8 |
         Swamp |   6650 |   6281 |    369 |    720 |   4557 |   4 | 1662.5 |
   Spider Nest |   6643 |   6245 |    398 |    714 |   4521 |   4 | 1660.8 |
  Orcish Mines |   2949 |   2485 |    464 |    224 |   1769 |   2 | 1474.5 |
   Elven Halls |   1842 |   1795 |     47 |     48 |   1381 |   2 |  921.0 |
      Ice Cave |     72 |     72 |      0 |      0 |     20 |   1 |   72.0 |
               +--------+--------+--------+--------+--------+-----+--------+

Top non-repeatable levels by time:
  Lair:5: 2671 daAuts
    D:13: 2583 daAuts
   Orc:2: 2267 daAuts
 Swamp:4: 2223 daAuts
Spider:1: 2181 daAuts
  Lair:2: 2110 daAuts
     D:8: 1970 daAuts
    D:15: 1818 daAuts
   Elf:1: 1814 daAuts
    D:10: 1797 daAuts
    D:11: 1756 daAuts
Spider:2: 1735 daAuts
 Swamp:1: 1675 daAuts
     D:5: 1630 daAuts
  Lair:3: 1609 daAuts
